 Dungeon Crawl Stone Soup version 0.30-a0-723-gc1506a1cf0 (webtiles) character file.

Game seed: 6603618240638817379

72 Crownlay the Digger (level 4, -2/27 HPs)
             Began as an Octopode Earth Elementalist on Jan 28, 2023.
             Slain by an orc
             ... wielding a +0 club
              (3 damage)
             ... on level 3 of the Dungeon.
             The game lasted 00:03:48 (2665 turns).

Crownlay the Digger (Octopode Earth Elementalist)   Turns: 2665, Time: 00:03:48

Health: -2/27      AC:  1    Str:  7    XL:     4   Next: 25%
Magic:  15/16      EV: 13    Int: 19    God:
Gold:   177        SH:  0    Dex: 12    Spells: 3/7 levels left

rFire   . . .      SeeInvis .    k - +1 dagger (holy)
rCold   . . .      Faith    .    (no shield)
rNeg    . . .      Spirit   .    (helmet restricted)
rPois   .          Reflect  .    (no amulet)
rElec   .          Harm     .    e - ring of magical power
rCorr   .          Rampage  .    (no ring)
Will    .....                    (no ring)
Stlth   ++                       (no ring)
HPRegen 0.24/turn                (no ring)
MPRegen 0.15/turn                (no ring)
                                 (no ring)
                                 (no ring)

@: confused
A: almost no armour, amphibious, 8 rings, camouflage 1, gelatinous body 1,
(nimble swimmer 1), tentacles
a: no special abilities


You were on level 3 of the Dungeon.
You visited 1 branch of the dungeon, and saw 3 of its levels.

You collected 177 gold pieces.

Inventory:

Hand Weapons
 k - a +1 dagger of holy wrath (weapon)
Jewellery
 e - a ring of magical power (left tentacle)
Scrolls
 b - a scroll of vulnerability
 f - 2 scrolls of identify
 h - a scroll of fog
 i - 2 scrolls of teleportation
 m - 2 scrolls of noise
Potions
 a - a potion of magic
 c - 4 potions of lignification {unknown}
 d - a potion of attraction {unknown}
 g - 2 potions of haste {unknown}
 j - a potion of degeneration {unknown}
 l - a potion of cancellation {unknown}
 n - a potion of experience {unknown}
 o - a potion of mutation {unknown}


   Skills:
 - Level 2.0 Dodging
 - Level 2.6 Stealth
 + Level 2.2 Spellcasting
 + Level 2.4 Transmutations
 * Level 4.1 Earth Magic


You had 3 spell levels left.
You knew the following spells:

 Your Spells              Type           Power      Damage    Failure   Level
a - Sandblast             Erth           34%        2d9       3%          1
b - Stone Arrow           Conj/Erth      20%        3d8       22%         3

Your spell library contained the following spells:

 Spells                   Type           Power      Damage    Failure   Level
 Passwall                 Tmut/Erth      11%        N/A       6%          2
 Kiss of Death            Conj/Necr      8%         2d6       17%         1
 Confusing Touch          Hex            2%         N/A       45%         3
 Petrify                  Tmut/Erth      14%        N/A       38%         4
 Dispel Undead            Necr           2%         3d7       86%         4


Dungeon Overview and Level Annotations

Branches:
Dungeon (3/15)

Altars:
Fedhas
Kikubaaqudgha
Sif Muna
Yredelemnul

Annotations:
D:3 1 transporter, initializr's ghost, amateur MeFE


Innate Abilities, Weirdness & Mutations

You cannot wear most types of armour.
You are amphibious.
You can wear up to eight rings at the same time.
Your skin changes colour to match your surroundings (Stealth+).
Your rubbery body absorbs attacks. (AC +1, EV +1)
((You are camouflaged when in or above water. (Stealth+)))
You have tentacles for arms and can constrict up to eight enemies at once.


Message History

Aim: an orc, wielding a +0 mace (82% to hit)
The blast of sand hits the orc!
You kill the orc!
Casting: Sandblast (safe; 3% risk of failure)
Confirm with . or Enter, or press ? or * to list all spells.
You can't see any susceptible monsters within range! (Use Z to cast anyway.) Unknown command.
An orc comes into view. It is wielding a +0 club.
You hear some strange, mumbled words.
A magic dart appears from out of thin air!
The magic dart hits you.
You see here a +0 mace.
Casting: Sandblast (safe; 3% risk of failure)
Confirm with . or Enter, or press ? or * to list all spells.
Aiming: Sandblast (safe; 3% risk of failure)
Press: ? - help, Shift-Dir - straight line, f - orc
Aim: an orc, wielding a +0 club and wearing a +0 ring mail (wandering, hasn't noticed you, 84% to hit)
The blast of sand hits something!
The orc shouts!
You hear some strange, mumbled words.
You are confused.
You're too confused to cast spells.
Sorry, you're not good enough to have a special ability.
Unknown command.
You completely miss something.
Your tentacle-slap misses something.
Something hits you.
You bump into the rock wall.
Something hits you. The orc misses you.
You closely miss something. The orc hits you with a +0 club.
Something hits you.
* * * LOW HITPOINT WARNING * * *
You bump into the rock wall.
Something hits you.
* * * LOW HITPOINT WARNING * * *
The orc barely misses you. Something hits you.
* * * LOW HITPOINT WARNING * * *
The orc hits you with a +0 club.
* * * LOW HITPOINT WARNING * * *
Something hits you.
* * * LOW HITPOINT WARNING * * *
The orc hits you with a +0 club.
You die...

............# #...##
............# ###....#
............# #......#
## #############
#.....#### #..
#...[.#..# #©
#.....##.# .^. #.
#......##.#?. ..
#.......#... ###
#@.....##... #.
#{o....# x###..
########......####....
..
.......................
..
.......................
..
......)..............#.
##
.....................+
.....................##
.......................


You could see an orc.

Vanquished Creatures
  An adder (D:3)
  A dart slug (D:1)
  An orc (D:3)
  4 endoplasms
  3 giant cockroaches (D:1)
  9 hobgoblins
  3 jackals (D:1)
  2 kobolds
  A quokka (D:2)
  3 ball pythons
  6 bats
  4 frilled lizards
  13 goblins
  A rat (D:1)
52 creatures vanquished.

Notes
Turn   | Place    | Note
-------+----------+-------------------------------------------
     0 | D:1      | Crownlay the Octopode Earth Elementalist began the quest
                  | for the Orb.
     0 | D:1      | Reached XP level 1. HP: 11/11 MP: 3/3
   178 | D:1      | Reached XP level 2. HP: 17/17 MP: 1/5
   731 | D:1      | Reached XP level 3. HP: 21/21 MP: 4/6
  1118 | D:2      | Learned a level 3 spell: Stone Arrow
  1321 | D:2      | HP: 1/21 [goblin/+1 dagger of freezing (1)]
  1574 | D:2      | Found an ancient bone altar of Kikubaaqudgha.
  1606 | D:2      | Reached skill level 4 in Earth Magic
  2157 | D:3      | Reached XP level 4. HP: 23/27 MP: 7/7
  2165 | D:3      | Found a blossoming altar of Fedhas.
  2219 | D:3      | Found a shimmering blue altar of Sif Muna.
  2226 | D:3      | Found a basalt altar of Yredelemnul.
  2574 | D:3      | Found a transporter.
  2598 | D:3      | Noticed initializr's ghost (amateur MeFE)
  2609 | D:3      | Noticed a small abomination
  2665 | D:3      | HP: 1/27 [something (3)]
  2665 | D:3      | Slain by an orc

Illustrated notes

Levels and vault maps discovered:
D:1:      dpeg_arrival_rooms_with_view, layout_loops_cross, minmay_hedge_maze
D:2:      cheibrodos_greedy_goblins, layout_basic, basic_altar
D:3:      layout_basic, fedhas_ov_isle_minmay, amethyst_overflow_temple_binary,
          gammafunk_ghost_abyssal_escape

Skill      XL: |  1  2  3 |
---------------+----------+-----
Transmutations | 2 |  2.4
Earth Magic    | 4 |  4.1
Dodging        | |  2.0
Stealth        | |  2.6
Spellcasting   | |  2.2

Action                     |  1- 3 |  4- 6 || total
---------------------------+-------+-------++-------
  Melee: Unarmed           |     9 |       ||     9
         Tentacles         |     4 |       ||     4
         Constrict         |     4 |       ||     4
         Punch             |     1 |       ||     1
         Dagger            |     1 |     3 ||     4
   Cast: Sandblast         |    62 |     8 ||    70
    Use: Scroll            |     5 |       ||     5
 Armour: Skin              |     2 |     1 ||     3
  Dodge: Dodged            |    19 |     6 ||    25

Table legend: (Time is in decaauts)
 A = Elapsed time spent in this place.
 B = Non-inter-level travel time spent in this place.
 C = Inter-level travel time spent in this place.
 D = Time resting spent in this place.
 E = Time spent auto-exploring this place.
 F = Levels seen in this place.
 G = Mean time per level.
                   A        B        C        D        E       F      G
               +--------+--------+--------+--------+--------+-----+--------+
         Total |   2698 |   2632 |     66 |     77 |   2175 |   3 |  899.3 |
       Dungeon |   2698 |   2632 |     66 |     77 |   2175 |   3 |  899.3 |
               +--------+--------+--------+--------+--------+-----+--------+

Top non-repeatable levels by time:
     D:1: 1126 daAuts
     D:2: 941 daAuts
     D:3: 630 daAuts
